 Dungeon Crawl Stone Soup version 0.21.1-1-g345015fe64 (webtiles) character file.

176 Jerry the Chopper (level 5, -1/47 HPs)
             Began as a Hill Orc Fighter on Feb 23, 2018.
             Succumbed to an orc's poison
             ... on level 3 of the Dungeon.
             The game lasted 00:05:26 (3116 turns).

Jerry the Chopper (Hill Orc Fighter)                Turns: 3116, Time: 00:05:27

Health: -1/47      AC: 10    Str: 19    XL:     5   Next: 56%
Magic:  5/5        EV: 14    Int:  9    God:
Gold:   147        SH:  0    Dex: 12    Spells: 4/4 levels left

rFire    . . .     SeeInvis .   a - +1 war axe
rCold    . . .     Gourm    .   (no shield)
rNeg     . . .     Faith    .   b - +1 scale mail
rPois    .         Spirit   .   (no helmet)
rElec    .         Reflect  .   (no cloak)
rCorr    .         Harm     .   (no gloves)
MR       .....                  (no boots)
Stlth    +.........             w - amulet of inaccuracy (curse)
HPRegen  0.15/turn              u - -3 ring of dexterity (curse)
MPRegen  0.09/turn              s - +2 ring of protection

@: agile, lethally poisoned (-1 -> -34), flying
A: no striking features
a: no special abilities


You were on level 3 of the Dungeon.
You were not hungry.

You visited 1 branch of the dungeon, and saw 4 of its levels.

You collected 147 gold pieces.

Inventory:

Hand Weapons
 a - a +1 war axe (weapon)
 p - a +1 flail of protection
Armour
 b - a +1 scale mail (worn)
 c - a +0 shield
Jewellery
 m - an uncursed ring of resist corrosion
 s - a +2 ring of protection (right hand)
 u - a cursed -3 ring of dexterity (left hand)
 w - a cursed amulet of inaccuracy (around neck)
 x - an uncursed ring of wizardry
Wands
 t - a wand of flame (25)
Scrolls
 e - a scroll of enchant weapon
 g - 3 scrolls of blinking
 i - 2 scrolls of fog
 k - a scroll of amnesia
Potions
 d - 2 potions of might
 n - 2 potions of lignification
 r - a potion of ambrosia {unknown}
 v - a potion of curing {unknown}
 z - 2 potions of heal wounds {unknown}
Comestibles
 f - 6 rations


   Skills:
 + Level 4.7 Fighting
 * Level 5.6 Axes
 + Level 4.3 Armour
 - Level 3.2 Shields


You had 4 spell levels left.
You didn't know any spells.

Dungeon Overview and Level Annotations

Branches:
Dungeon (4/15)
 Temple: D:4-7

Altars:
Gozag

Annotations:
D:4 Blork the orc, Pikel, Robin


Message History

The orc hits you but does no damage.
Your scale mail prevents you from hitting the orc.
You closely miss the orc.
* * * LOW HITPOINT WARNING * * *
You feel very sick. The orc barely misses you.
The orc hits you but does no damage.
You are more poisoned.
It was a potion of magic.
Magic courses through your body.
* * * LOW HITPOINT WARNING * * *
You feel sick. The orc hits you but does no damage. x2
You are more poisoned.
It was a potion of flight.
You feel very buoyant.
You fly up into the air.
* * * LOW HITPOINT WARNING * * *
You feel very sick. The orc hits you but does no damage.
The orc closely misses you.
It was a potion of agility.
You feel agile all of a sudden.
You die...

#.# #.# ##################
#.######<# #.................
#.##...#####
#.################
#.##.......# #.# #.##.......#
#.# ####### #..........####.#
#...... ####............#
#......
#..........o.##########......
#...........@o...........###(
#.)....).....###########.####
#.....(........# #..#
#...#.#........# ##.#
#####.#........# #.##
#.####.##############..##
#.................)......
#####.###########...##.#.
#.............#...##...


You could see 2 orcs.

Vanquished Creatures
  2 orc priests (D:3)
  A centaur skeleton (D:4)
  2 adders
  2 oozes
  A dart slug (D:2)
  3 leopard geckos
  6 orcs
  5 bats
  2 giant cockroaches
  9 goblins
  7 hobgoblins
  A ball python (D:4)
  A frilled lizard (D:2)
  7 kobolds
  5 rats
54 creatures vanquished.

Notes
Turn   | Place    | Note
-------+----------+-------------------------------------------
     0 | D:1      | Jerry the Hill Orc Fighter began the quest for the Orb.
     0 | D:1      | Reached XP level 1. HP: 19/19 MP: 1/1
   109 | D:1      | Reached skill level 3 in Axes
   199 | D:1      | Reached XP level 2. HP: 27/27 MP: 2/2
   496 | D:1      | Reached XP level 3. HP: 33/33 MP: 3/3
   596 | D:2      | Reached skill level 4 in Axes
  1772 | D:3      | Reached XP level 4. HP: 23/41 MP: 4/4
  1925 | D:3      | Reached skill level 5 in Axes
  2058 | D:3      | Found an opulent altar of Gozag.
  2120 | D:3      | Reached XP level 5. HP: 47/47 MP: 5/5
  3031 | D:4      | Noticed Robin
  3108 | D:4      | Noticed a slave
  3108 | D:4      | Noticed Blork the orc
  3109 | D:4      | Noticed Pikel
  3110 | D:4      | Noticed a slave
  3115 | D:3      | HP: 2/47 [poisoned by an orc]
  3116 | D:3      | Succumbed to an orc's poison

Skill      XL: |  1  2  3  4 |
---------------+-------------+-----
Axes           | 3 4 5 |  5.6
Fighting       | 4 |  4.7
Armour         | 4 |  4.3
Shields        | |  3.2

Action                   |  1- 3 |  4- 6 || total
-------------------------+-------+-------++-------
Melee: War axe           |   100 |    87 ||   187
  Use: Scroll            |       |     9 ||     9
       Potion            |       |     3 ||     3
  Eat: Chunk             |     2 |     5 ||     7
Armor: Scale mail        |    58 |    47 ||   105
Dodge: Dodged            |    52 |    47 ||    99
